 Dungeon Crawl Stone Soup version 0.30-a0-39-g42789b21ef (webtiles) character file.

Game seed: 2691826151280431763

479 flotson the Sneak (level 6, -1/48 HPs)
             Began as a Demonspawn Delver on Aug 28, 2022.
             Killed by divine providence
             ... invoked by an orc priest
              (11 damage)
             ... on level 4 of the Dungeon.
             The game lasted 00:06:30 (3184 turns).

flotson the Sneak (Demonspawn Delver)               Turns: 3184, Time: 00:06:30

Health: -1/48      AC:  5    Str: 14    XL:     6   Next: 86%
Magic:  0/6        EV: 13    Int: 12    God:
Gold:   223        SH:  0    Dex: 14    Spells: 5/5 levels left

rFire   . . .      SeeInvis .    j - +0 halberd (venom)
rCold   + . .      Faith    .    (shield currently unavailable)
rNeg    . . .      Spirit   +    f - +2 leather armour {rC+}
rPois   .          Reflect  .    (no helmet)
rElec   .          Harm     .    (no cloak)
rCorr   .          Rampage  .    (no gloves)
Will    .....                    (no boots)
Stlth   +++.......               s - amulet of guardian spirit
HPRegen 0.16/turn                (no ring)
MPRegen 0.10/turn                (no ring)

@: no status effects
A: powered by death 1, sturdy frame 1, weakness stinger 1
a: no special abilities


You were on level 4 of the Dungeon.
You visited 1 branch of the dungeon, and saw 5 of its levels.

You collected 223 gold pieces.

Inventory:

Hand Weapons
 j - a +0 halberd of venom (weapon)
Missiles
 a - 9 poisoned darts (quivered)
Armour
 f - a +2 leather armour of cold resistance (worn)
Jewellery
 s - an amulet of guardian spirit (around neck)
 u - an amulet of reflection
Wands
 d - a wand of polymorph (4)
 g - a wand of digging (3)
 t - a wand of mindburst (12)
Scrolls
 c - a scroll of fog
 e - 2 scrolls of fear
 h - a scroll of blinking {unknown}
 i - a scroll of noise {unknown}
 k - 2 scrolls of identify {unknown}
 p - a scroll of enchant armour {unknown}
Potions
 b - a potion of resistance {unknown}
 l - a potion of haste
 m - a potion of lignification {unknown}
 n - 2 potions of heal wounds {unknown}
 o - 2 potions of berserk rage {unknown}
 q - a potion of cancellation {unknown}
 r - a potion of degeneration {unknown}


   Skills:
 + Level 4.2 Fighting
 + Level 3.2 Axes
 + Level 1.3 Throwing
 + Level 2.5 Armour
 + Level 3.3 Dodging
 - Level 4.5 Stealth
 + Level 2.8 Evocations


You had 5 spell levels left.
You didn't know any spells.
Your spell library was empty.

Dungeon Overview and Level Annotations

Branches:
Dungeon (5/15)
 Temple: D:4-7

Altars:

Shops:
D:3 :


Innate Abilities, Weirdness & Mutations

You regenerate a little health from kills.
Your movements are slightly less encumbered by armour. (ER -2)
You have a small tail.


Message History

No target in view!
No target in view!
Unknown command.
Things that are here:
a +0 hand axe; 6 stones
Things that are here:
a +0 scythe; a +0 robe Magic restored.
HP restored.
An orc comes into view. It is wielding a +0 falchion.
An orc warrior and an orc wizard come into view.
Found 6 stones.
An orc priest comes into view. It is wielding a +0 falchion.
The orc shouts!
The orc warrior shouts!
The orc wizard shouts!
Found 9 gold pieces.
You reach to attack!
You closely miss the orc wizard.
The orc wizard points at you and mumbles some strange words.
The magic dart hits you.
The orc warrior unwields a +0 mace.
The orc warrior wields a +0 arbalest.
The orc warrior shoots a bolt.
The bolt hits you!!
You hear a shout!
You reach to attack!
You barely miss the orc wizard.
The orc priest looks braver for a moment.
An orc comes into view. It is wielding a +0 flail.
You barely miss the orc wizard.
The orc wizard gestures at you while chanting.
The magic dart hits you. The orc priest barely misses you.
Unknown command.
The orc wizard attacks as you move away!
The orc wizard hits you with a +0 dagger.
The orc warrior shoots a bolt.
The bolt hits you!
* * * LOW HITPOINT WARNING * * *
The orc wizard gestures wildly while chanting.
The orc wizard flickers and vanishes!
Deactivating autopickup; reactivate with Ctrl-A.
The orc priest attacks as you move away!
The orc priest closely misses you.
The orc priest calls down the wrath of Beogh upon you.
Beogh smites you!
You die...

.$.(. # #.8.##.#
.# #..###...8(.
..# ###..#.#o.$#
...##....##{oo.#
.....#.##...##.#
......#.o###
#...#.#######
#...@.......
######
##..##..##.#
##....##
##....##
#......## ##..##
#...#...####..##
#...#...##....#
##>..#......#..#
###......####..#
#...).## ##.#


You could see an orc warrior, an orc priest and an orc.

Vanquished Creatures
  Sigmund (D:4)
  Eustachio (D:5)
  2 hounds
  An orc wizard (D:3)
  3 adders
  A shadow imp (D:4)
  2 worms (D:3)
  2 dart slugs
  5 orcs
  5 ball pythons
  9 endoplasms
  9 goblins
  3 hobgoblins
  8 kobolds
  3 quokkas
  3 bats
  4 rats
62 creatures vanquished.

Notes
Turn   | Place    | Note
-------+----------+-------------------------------------------
     0 | D:5      | flotson the Demonspawn Delver began the quest for the Orb.
     0 | D:5      | Reached XP level 1. HP: 18/18 MP: 1/1
    41 | D:5      | Noticed a gnoll bouda
    94 | D:5      | Noticed Eustachio
   117 | D:5      | Killed Eustachio
   118 | D:5      | Reached skill level 1 in Armour
   118 | D:5      | Reached skill level 1 in Evocations
   118 | D:5      | Gained mutation: You have a small tail. [demonic ancestry]
   118 | D:5      | Reached XP level 2. HP: 24/24 MP: 2/2
   118 | D:5      | Reached XP level 3. HP: 29/29 MP: 3/3
   118 | D:5      | Gained mutation: Your movements are slightly less
                  | encumbered by armour. (ER -2) [demonic ancestry]
   118 | D:5      | Reached XP level 4. HP: 36/36 MP: 4/4
   167 | D:5      | Reached XP level 5. HP: 42/42 MP: 5/5
   705 | D:3      | Found Uruasaapt's Vocational Training.
   991 | D:2      | Gained mutation: You regenerate a little health from kills.
                  | [demonic ancestry]
   991 | D:2      | Reached XP level 6. HP: 48/48 MP: 6/6
  1832 | D:2      | Found a faded altar of an unknown god.
  2888 | D:4      | Noticed Sigmund
  3135 | D:4      | Killed Sigmund
  3136 | D:4      | Reached skill level 1 in Throwing
  3174 | D:4      | Noticed an orc warrior
  3184 | D:4      | Killed from afar by an orc priest

Illustrated notes

Levels and vault maps discovered:
D:1:      psy_arrival_radial02, layout_loops_ring
D:2:      layout_loops_ring, basic_ecumenical_altar
D:3:      minmay_bubble_buster, layout_basic, nicolae_shop_vocational
D:4:      layout_layer_cave, lemuel_tele_altar, temple_statues,
          guppyfry_early_orc_mine, uniq_sigmund
D:5:      layout_rooms, corexii_leaking_fountain, uniq_edmund, uniq_eustachio

Skill      XL: |  1  2  3  4  5  6 |
---------------+-------------------+-----
Axes           | 2 3 |  3.2
Armour         | 1 2 |  2.5
Dodging        | 2 3 |  3.3
Evocations     | 1 2 |  2.8
Fighting       | 4 |  4.2
Throwing       | 1 |  1.3
Stealth        | |  4.5

Action                   |  1- 3 |  4- 6 || total
-------------------------+-------+-------++-------
Melee: Unarmed           |    11 |       ||    11
       Halberd           |       |   168 ||   168
       Tailslap          |       |    20 ||    20
  Use: Scroll            |     1 |       ||     1
       Potion            |     1 |       ||     1
 Stab: Sleeping          |       |    19 ||    19
       Distracted        |       |     1 ||     1
Armor: Skin              |     2 |       ||     2
       Leather armour    |       |    50 ||    50
Dodge: Dodged            |     4 |   120 ||   124

Table legend: (Time is in decaauts)
 A = Elapsed time spent in this place.
 B = Non-inter-level travel time spent in this place.
 C = Inter-level travel time spent in this place.
 D = Time resting spent in this place.
 E = Time spent auto-exploring this place.
 F = Levels seen in this place.
 G = Mean time per level.
                   A        B        C        D        E       F      G
               +--------+--------+--------+--------+--------+-----+--------+
         Total |   3237 |   3161 |     76 |    217 |   2334 |   5 |  647.4 |
       Dungeon |   3237 |   3161 |     76 |    217 |   2334 |   5 |  647.4 |
               +--------+--------+--------+--------+--------+-----+--------+

Top non-repeatable levels by time:
     D:3: 1491 daAuts
     D:1: 750 daAuts
     D:2: 613 daAuts
     D:4: 198 daAuts
     D:5: 184 daAuts
